 Dungeon Crawl Stone Soup version 0.17.2-1-ge4368a0 (webtiles) character file.

98 Goblin1989 the Charlatan (level 4, 0/34 HPs)
             Began as a Demonspawn Artificer on Oct 30, 2016.
             Slain by Sigmund
             ... wielding a +0 scythe
              (8 damage)
             ... on level 3 of the Dungeon.
             The game lasted 00:08:53 (2067 turns).

Goblin1989 the Charlatan (Demonspawn Artificer)     Turns: 2067, Time: 00:08:53

Health: 0/34       AC:  6    Str: 12    XL:     4   Next: 44%
Magic:  6/6        EV: 14    Int: 14    God:
Gold:   88         SH:  0    Dex: 21    Spells: 0 memorised, 3 levels left

rFire  . . .     SeeInvis .     n - +1 whip (elec)
rCold  . . .     Clarity  .     d - +0 scale mail
rNeg   . . .     SustAt   .     (no shield)
rPois  .         Gourm    .     (helmet restricted)
rElec  .         Spirit   .     (no cloak)
rCorr  .         Warding  .     (no gloves)
rMut   .         Stasis   .     (no boots)
MR     .....                    (no amulet)
Stlth  ++........               (no ring)
                                m - +3 ring of dexterity

@: agile, drained, not resistant to hostile enchantments, unstealthy
A: horns 2
a: no special abilities


You were on level 3 of the Dungeon.
You were not hungry.

You visited 1 branch of the dungeon, and saw 4 of its levels.

You collected 88 gold pieces.

Inventory:

Hand Weapons
 n - a +1 whip of electrocution (weapon)
Armour
 d - a +0 scale mail (worn)
 r - a +0 pair of gloves
Jewellery
 m - a +3 ring of dexterity (left hand)
Wands
 c - a wand of flame (15)
 e - a wand of random effects (15)
 E - a wand of enslavement (15)
Scrolls
 a - a scroll of enchant weapon {unknown}
 b - a scroll of recharging {unknown}
 h - a scroll of immolation {unknown}
 j - 2 scrolls of enchant armour {unknown}
 k - 2 scrolls of identify {unknown}
 q - 2 scrolls of amnesia {unknown}
Comestibles
 f - 3 bread rations {@e1}
 i - 2 meat rations {@e2}


   Skills:
 + Level 2.5(2.1) Fighting
   Level 0.8(0.4) Short Blades
 * Level 2.6(2.2) Maces & Flails
 + Level 1.0(0.6) Armour
 - Level 1.7(1.3) Dodging
 - Level 0.8(0.4) Stealth
 - Level 3.0(2.5) Evocations


You had 3 spell levels left.
You didn't know any spells.

Dungeon Overview and Level Annotations

Branches:
Dungeon (4/15)
 Temple: D:4-7

Altars:
Kikubaaqudgha
Okawaru

Annotations:
D:3 Sigmund


Innate Abilities, Weirdness & Mutations

You have a pair of horns on your head.


Message History

Something hits you but does no damage.
You take 1 damage, and have 10/34 hp.
You bump into the rock wall.
The killer bee zombie hits you. The killer bee zombie hits you.
Something hits you.
* * * LOW HITPOINT WARNING * * *
You hit the killer bee zombie but do no damage.
You headbutt the killer bee zombie. The killer bee zombie misses you.
The killer bee zombie hits you but does no damage.
You regained 3 hp, and now have 13/34 hp.
You bump into the rock wall.
The killer bee zombie hits you. Something hits you.
* * * LOW HITPOINT WARNING * * *
The killer bee zombie hits you.
* * * LOW HITPOINT WARNING * * *
You take 8 damage, and have 5/34 hp.
MASSIVE DAMAGE!!
You're too confused to move!
You feel less invigorated.
You feel less confused.
The killer bee zombie closely misses you.
Something hits you!
You die...

█.█ ... ..█ ██
███ .. .█ .█ .
.█
....████████.█
.......†>{Z@.█
....██████████
.


You could see a killer bee zombie.

Vanquished Creatures
  A gnoll (D:3)
  2 adders (D:3)
  An ooze (D:1)
  A worm (D:2)
  2 giant geckos
  An orc (D:3)
  9 bats
  5 giant cockroaches
  8 hobgoblins
  3 jackals (D:2)
  7 kobolds
  4 giant newts
  8 goblins
  5 rats
57 creatures vanquished.

Notes
Turn   | Place    | Note
--------------------------------------------------------------
     0 | D:1      | Goblin1989 the Demonspawn Artificer began the quest for the Orb.
     0 | D:1      | Reached XP level 1. HP: 15/15 MP: 3/3
   300 | D:1      | Gained mutation: You have a pair of small horns on your head. [demonic ancestry]
   300 | D:1      | Reached XP level 2. HP: 22/22 MP: 4/4
   393 | D:1      | Reached skill level 1 in Maces & Flails
   993 | D:1      | Reached XP level 3. HP: 27/27 MP: 5/5
  1206 | D:2      | Found an ancient bone altar of Kikubaaqudgha.
  1206 | D:2      | Found an iron altar of Okawaru.
  1251 | D:2      | Found a faded altar to an unknown god.
  1951 | D:3      | Gained mutation: You have a pair of horns on your head. [demonic ancestry]
  1951 | D:3      | Reached XP level 4. HP: 20/34 MP: 6/6
  2017 | D:3      | Reached skill level 1 in Armour
  2024 | D:4      | Noticed an ogre
  2051 | D:3      | Noticed Sigmund
  2067 | D:3      | Slain by Sigmund

Action                   |  1- 3 |  4- 6 || total
-------------------------+-------+-------++-------
Melee: Whip              |   132 |    19 ||   151
       Short sword       |    13 |       ||    13
  Use: Potion            |       |     3 ||     3
  Eat: Chunk             |     2 |       ||     2
       Beef jerky        |       |     1 ||     1

Vault maps used:
D:1:      minmay_arrival_semitransparent, st_stairs_5
D:2:      amethyst_overflow_temple_binary, ecumenical_altar_1, serial_glass,
          glass_columns_a, glass_columns_a, first_bread
D:3:      xom_butterflies, lightli_corner_chamber, uniq_sigmund
D:4:      minmay_temple_entry_grid
